 Dungeon Crawl Stone Soup version 0.22.1-1-ga44c0e5 (webtiles) character file.

2546 HoaS the Grappler (level 9, -5/81 (82) HPs)
             Began as a Ghoul Monk on Oct 18, 2018.
             Was a Priest of Okawaru.
             Slain by Harold
             ... wielding a +0 dire flail
              (19 damage)
             ... on level 8 of the Dungeon on Oct 20, 2018.
             The game lasted 00:26:54 (6663 turns).

HoaS the Grappler (Ghoul Monk)                      Turns: 6663, Time: 00:26:54

HP:   -5/81 (82)    AC: 13    Str: 18    XL:     9   Next: 55%
MP:   11/11         EV:  8    Int:  5    God:    Okawaru [***...]
Gold: 344           SH:  2    Dex: 11    Spells: 8/8 levels left

rFire    . . .     SeeInvis .     - Unarmed
rCold    + . .     Gourm    .   (no shield)
rNeg     + + +     Faith    .   s - +0 chain mail
rPois    ∞         Spirit   .   z - +1 helmet
rElec    .         Reflect  +   (no cloak)
rCorr    .         Harm     .   r - +0 pair of gloves
MR       ++...                  (no boots)
Stlth    ..........             n - +2 amulet of reflection
HPRegen  0.00/turn              h - ring of protection from magic
MPRegen  0.12/turn              f - ring of protection from magic

@: rotting
A: rotting body, claws 1, carnivore, cold resistance 1, negative energy
resistance 3, inhibited regeneration, torment resistance, unbreathing
a: Heroism, Renounce Religion


You were on level 8 of the Dungeon.
You worshipped Okawaru.
Okawaru was most pleased with you.
You were not hungry.

You visited 1 branch of the dungeon, and saw 8 of its levels.

You collected 344 gold pieces.

Inventory:

Armour
 r - a +0 pair of gloves (worn)
 s - a +0 chain mail (worn)
 z - a +1 helmet (worn)
 C - a +0 plate armour
Jewellery
 f - a ring of protection from magic (right hand)
 h - a ring of protection from magic (left hand)
 n - a +2 amulet of reflection (around neck)
Wands
 d - a wand of random effects (25)
 w - a wand of scattershot (4)
 B - a wand of enslavement (7)
Scrolls
 j - a scroll of remove curse
 o - 5 scrolls of teleportation
 p - 2 scrolls of fear
 x - a scroll of immolation
Potions
 a - 4 potions of curing
 c - 3 potions of flight
 e - a potion of mutation
 g - a potion of ambrosia {unknown}
 i - 2 potions of brilliance {unknown}
 k - 2 potions of heal wounds
 l - 2 potions of might
 m - 2 potions of lignification
 q - a potion of haste {unknown}
 t - 2 potions of resistance
 u - 2 potions of magic {unknown}
 v - a potion of invisibility {unknown}
Comestibles
 b - 9 rations


   Skills:
 * Level 8.9 Fighting
 + Level 4.5 Armour
 - Level 3.0 Dodging
 - Level 2.1 Stealth
 * Level 9.0 Unarmed Combat
 + Level 4.1 Invocations


You had 8 spell levels left.
You didn't know any spells.
Your spell library contained the following spells:

 Spells                   Type           Power        Failure   Level  Hunger
 Animate Skeleton         Necr           N/A          100%        1    ##.....
 Pain                     Necr           #...         100%        1    ##.....
 Regeneration             Chrm/Necr      #.........   100%        3    ####...
 Vampiric Draining        Necr           #.........   100%        3    ####...
 Animate Dead             Necr           N/A          100%        4    #####..


Dungeon Overview and Level Annotations

Branches:
Dungeon (8/15)             Temple (0/1) D:7
   Lair: D:8-11

Altars:
Okawaru

Annotations:
D:8 Harold


Innate Abilities, Weirdness & Mutations

Your body is rotting away.
You thrive on raw meat.
You are immune to poison.
You have sharp fingernails.
You are carnivorous and can eat meat at any time.
Your flesh is cold resistant. (rC+)
You are immune to negative energy. (rN+++)
You do not regenerate when monsters are visible.
You are immune to unholy pain and torment.
You can survive without breathing.


Message History

You completely miss Harold.
Harold is moderately wounded.
You punch Harold!
Harold is heavily wounded.
Harold says, "This is so exciting!
What a great way to end my career!"
Harold hits you with a dire flail!!
You are too injured to fight recklessly!
You are too injured to fight recklessly!
You are too injured to fight recklessly!
You are too injured to fight recklessly!
You are too injured to fight recklessly!
You are too injured to fight recklessly!
You hit Harold.
Harold is heavily wounded.
Harold hits you with a dire flail!!
* * * LOW HITPOINT WARNING * * *
You hit Harold.
Harold is heavily wounded.
Harold hits you with a dire flail!!
You die...

##.###.# # ####..# #
#.## #.# # #.# #.
#.# ##.# #.#
####..@## #.#
.......@# #.#
##.#...(!#########.#
#........(.(......#
####....###########
#.#### #. #. #.


You could see Harold.

Vanquished Creatures
  A wyvern (D:8)
  Edmund (D:5)
  An orc warrior (D:7)
  An ice beast (D:6)
  A phantom (D:6)
  3 ogres
  2 centaurs (D:7)
  Blork the orc (D:4)
  2 bullfrogs
  3 scorpions
  3 crimson imps
  2 howler monkeys (D:8)
  A bullfrog zombie (D:6)
  4 orc priests
  10 orc wizards
  2 bullfrog skeletons
  2 hounds
  Terence (D:2)
  Jessica (D:2)
  5 iguanas
  3 worker ants
  A hound zombie (D:6)
  A hound skeleton (D:6)
  Robin (D:4)
  9 adders
  A white imp (D:5)
  An ooze (D:1)
  2 adder zombies
  6 worms
  2 dart slugs
  3 leopard geckos
  36 orcs
  6 giant cockroaches
  19 goblins
  8 hobgoblins
  4 jackals (D:4)
  4 kobolds
  4 quokkas
  A ball python (D:4)
  7 bats
  4 frilled lizards
  A jackal skeleton (D:5)
  A jackal zombie (D:5)
  6 rats
178 creatures vanquished.

Notes
Turn   | Place    | Note
-------+----------+-------------------------------------------
     0 | D:1      | HoaS the Ghoul Monk began the quest for the Orb.
     0 | D:1      | Reached XP level 1. HP: 19/19 MP: 0/0
   172 | D:1      | Reached XP level 2. HP: 22/26 MP: 1/1
   577 | D:1      | Reached XP level 3. HP: 33/33 MP: 2/2
   867 | D:2      | Noticed Jessica
   871 | D:2      | Killed Jessica
   871 | D:2      | Reached skill level 1 in Armour
   871 | D:2      | Reached skill level 4 in Unarmed Combat
   871 | D:2      | Reached XP level 4. HP: 37/40 MP: 3/3
  1768 | D:3      | Reached XP level 5. HP: 35/47 MP: 4/4
  1807 | D:3      | Noticed Terence
  1857 | D:2      | Killed Terence
  1939 | D:3      | Found a faded altar of an unknown god.
  1940 | D:3      | Reached skill level 5 in Fighting
  2165 | D:4      | Reached skill level 5 in Unarmed Combat
  2193 | D:4      | Reached XP level 6. HP: 54/56 MP: 5/5
  2235 | D:4      | Found an iron altar of Okawaru.
  2458 | D:4      | Noticed Blork the orc
  2471 | D:4      | Killed Blork the orc
  2688 | D:4      | Reached XP level 7. HP: 33/62 MP: 6/6
  2940 | D:4      | Reached skill level 6 in Unarmed Combat
  2952 | D:4      | Noticed Robin
  2965 | D:4      | Killed Robin
  3086 | D:4      | Became a worshipper of Warmaster Okawaru
  3086 | D:4      | Reached * piety under Okawaru
  3086 | D:4      | Reached ** piety under Okawaru
  3138 | D:5      | Entered Level 5 of the Dungeon
  3145 | D:5      | Noticed Edmund
  3158 | D:5      | Killed Edmund
  3216 | D:5      | Reached skill level 1 in Invocations
  3264 | D:5      | Reached XP level 8. HP: 37/71 MP: 8/8
  3665 | D:5      | Reached skill level 7 in Unarmed Combat
  4318 | D:6      | Reached *** piety under Okawaru
  5133 | D:6      | Reached skill level 8 in Unarmed Combat
  5133 | D:6      | Reached XP level 9. HP: 79/81 MP: 10/10
  6060 | D:7      | Found a staircase to the Ecumenical Temple.
  6544 | D:8      | Reached skill level 9 in Unarmed Combat
  6655 | D:8      | Noticed Harold
  6663 | D:8      | Slain by Harold

Skill      XL: |  1  2  3  4  5  6  7  8  9 |
---------------+----------------------------+-----
Fighting       | 4 5 6 8 |  8.9
Armour         | 1 2 3 4 |  4.5
Dodging        | 3 |  3.0
Unarmed Combat | 4 5 6 8 9 |  9.0
Invocations    | 1 3 4 |  4.1
Stealth        | |  2.1

Action                   |  1- 3 |  4- 6 |  7- 9 || total
-------------------------+-------+-------+-------++-------
Melee: Unarmed           |    79 |   218 |   420 ||   717
       Punch             |     2 |     3 |    10 ||    15
Invok: Heroism           |       |       |     3 ||     3
  Use: Scroll            |     3 |    10 |    12 ||    25
 Stab: Sleeping          |     1 |     3 |       ||     4
  Eat: Chunk             |     1 |    36 |    89 ||   126
       Ration            |       |       |     1 ||     1
Armor: Robe              |    15 |     4 |       ||    19
       Scale mail        |       |    44 |    90 ||   134
       Chain mail        |       |       |    47 ||    47
Dodge: Dodged            |    56 |    94 |   144 ||   294
Block: Other             |       |     9 |    20 ||    29
       Reflection        |       |       |     2 ||     2
